 Dungeon Crawl Stone Soup version 0.28.0-53-g5a82cb258f (webtiles) character file.

Game seed: 4234739469729304176

1036 LustLizard the Sneak (level 8, 0/56 HPs)
             Began as a Gnoll Wanderer on Aug 6, 2022.
             Was a Believer of Hepliaklqana.
             Slain by a quokka (1 damage)
             ... on level 5 of the Dungeon.
             The game lasted 00:12:35 (5494 turns).

LustLizard the Sneak (Gnoll Wanderer)               Turns: 5494, Time: 00:12:37

Health: 0/56       AC:  8    Str: 12    XL:     8   Next: 24%
Magic:  8/14       EV: 11    Int:  9    God:    Hepliaklqana [**....]
Gold:   126        SH: 10    Dex: 16    Spells: 14/15 levels left

rFire   + . .      SeeInvis +   D - staff of fire
rCold   . . .      Faith    .   B - +0 buckler
rNeg    . . .      Spirit   .   g - +2 ring mail {rPois}
rPois   +          Reflect  +   (no helmet)
rElec   .          Harm     .   b - +0 cloak
rCorr   .          Rampage  .   (no gloves)
Will    .....                   (no boots)
Stlth   +++.......              k - amulet of reflection
HPRegen 0.18/turn               j - ring of see invisible
MPRegen 0.14/turn               (no ring)

@: very slightly contaminated
A: reduced essence, fangs 1, strong nose, distributed training
a: Renounce Religion, Ancestor Life: Knight, Ancestor Life: Battlemage, Ancestor
Life: Hexer, Recall Ancestor, Ancestor Identity


You were on level 5 of the Dungeon.
You worshipped Hepliaklqana.
Hepliaklqana was pleased with you.
You visited 1 branch of the dungeon, and saw 5 of its levels.

You collected 201 gold pieces.
You spent 75 gold pieces at shops.

Inventory:

Hand Weapons
 a - a +0 dagger
 r - a +0 flail
 s - a +0 spear
 y - the +7 short sword of Karma {freeze, rElec rPois Will- Str+7}
   (You found it on level 4 of the Dungeon)

   It freezes those it strikes, dealing additional cold damage.
   It can also slow down cold-blooded creatures.
   Str:       It affects your strength (+7).
   rElec:     It insulates you from electricity.
   rPois:     It protects you from poison.
   Will:      It decreases your willpower.
 z - a +2 vorpal falchion
Missiles
 e - 238 stones
Armour
 b - a +0 cloak (worn)
 c - a +0 robe
 g - a +2 ring mail of poison resistance (worn)
 B - a +0 buckler (worn)
Magical Staves
 A - a staff of earth
 D - a staff of fire (weapon)
Jewellery
 j - a ring of see invisible (left hand)
 k - an amulet of reflection (around neck)
Scrolls
 d - 2 scrolls of teleportation
 f - a scroll of silence {unknown}
 m - a scroll of enchant armour {unknown}
 n - a scroll of fog {unknown}
 o - a scroll of identify {unknown}
 q - a scroll of fear {unknown}
 u - a scroll of amnesia {unknown}
 w - a scroll of blinking
 C - a scroll of enchant weapon {unknown}
Potions
 h - 2 potions of curing {unknown}
 i - a potion of heal wounds {unknown}
 l - a potion of attraction {unknown}
 p - a potion of resistance {unknown}
 t - 2 potions of lignification {unknown}
 v - a potion of might {unknown}
 x - a potion of invisibility {unknown}


   Skills:
 + Level 5.6 Fighting
 + Level 3.1 Short Blades
 + Level 3.1 Long Blades
 + Level 3.1 Axes
 + Level 3.1 Maces & Flails
 + Level 3.1 Polearms
 + Level 3.1 Staves
 + Level 3.1 Slings
 + Level 3.1 Bows
 + Level 3.1 Crossbows
 + Level 4.1 Throwing
 + Level 3.1 Armour
 + Level 4.1 Dodging
 + Level 6.8 Stealth
 + Level 3.1 Shields
 + Level 3.1 Unarmed Combat
 + Level 4.2 Spellcasting
 + Level 2.5 Conjurations
 + Level 2.5 Hexes
 + Level 2.5 Summonings
 + Level 2.5 Necromancy
 + Level 2.5 Translocations
 + Level 2.5 Transmutations
 + Level 4.6 Fire Magic
 + Level 2.5 Ice Magic
 + Level 2.5 Air Magic
 + Level 2.5 Earth Magic
 + Level 2.5 Poison Magic
 + Level 3.4 Invocations
 + Level 3.1 Evocations


You had 14 spell levels left.
You knew the following spells:

 Your Spells              Type           Power      Damage    Failure   Level
a - Foxfire               Conj/Fire      48%        2x1d6     19%         1

Your spell library contained the following spells:

 Spells                   Type           Power      Damage    Failure   Level
 Conjure Flame            Conj/Fire      12%        6-21      47%         3
 Call Canine Familiar     Summ           6%         N/A       63%         3
 Portal Projectile        Hex/Tloc       12%        N/A       63%         3
 Sticky Flame             Conj/Fire      12%        2d4       87%         4
 Leda's Liquefaction      Hex/Erth       3%         N/A       95%         4


Dungeon Overview and Level Annotations

Branches:
Dungeon (5/15)
 Temple: D:4-7

Altars:
Hepliaklqana

Shops:
D:4 :*

Annotations:
D:5 Dowan, Duvessa


Innate Abilities, Weirdness & Mutations

Your life essence is reduced to manifest your ancestor. (-10% HP)
You have very sharp teeth.
Your uncanny sense of smell can sniff out nearby items.
Your experience applies equally to all skills.


Message History

Confirm with . or Enter, or press ? or * to list all spells.
You feel a surge of power!
You conjure some foxfire!
Duvessa barely misses you.
Zolin closely misses Duvessa.
The orc hits Zolin with a +0 flail.
You hit Duvessa but do no damage. You burn Duvessa. Your bite misses Duvessa.
Duvessa is heavily wounded.
The foxfire hits Duvessa but does no damage.
Duvessa is heavily wounded.
The foxfire hits Duvessa.
Duvessa is severely wounded.
Duvessa hits you with a +0 scimitar!
* * * LOW HITPOINT WARNING * * *
Zolin hits Duvessa.
The orc closely misses Zolin.
Your magical contamination has completely faded away.
Casting: Foxfire (safe; 19% risk of failure)
Confirm with . or Enter, or press ? or * to list all spells.
You feel a surge of power!
You miscast Foxfire.
You are very lightly contaminated with residual magic.
Nothing appears to happen.
You block Duvessa's attack.
Zolin barely misses Duvessa.
The orc closely misses Zolin.
You closely miss Duvessa. You bite Duvessa.
Duvessa is almost dead.
You block Duvessa's attack.
The orc closely misses Zolin.
Zolin hits Duvessa but does no damage.
The orc closely misses Zolin.
Dowan gestures at Duvessa while chanting.
Duvessa seems to speed up.
Duvessa hits Zolin with a +0 scimitar!
You hit Duvessa but do no damage. Your bite misses Duvessa.
Duvessa is almost dead.
Duvessa hits you with a +0 scimitar!
* * * LOW HITPOINT WARNING * * *
The orc hits Zolin with a +0 hand axe.
Zolin is destroyed!
Dowan zaps a wand.
You resist with some effort.
The quokka bites you but does no damage.
You hit Duvessa but do no damage. You burn Duvessa.
You bite Duvessa, but do no damage.
Duvessa is almost dead.
Duvessa hits you with a +0 scimitar.
* * * LOW HITPOINT WARNING * * *
The quokka bites you.
You die...

.... ###...## #.. #
#....#...### ###
.##.##.......# .#
......###.#..).##
..###..#......##....# ##
......#..##.....#........
....)#..#..#...#.####...
#e..#..#.##.#.#.. ..
#..$#.@r......##.# #.
#...#eo.......# .. #.
∆#.o..#......# ... . ...
.# .#..o..e.....# ....
.!#.#...#..###....
...##.....#.#.## #.....
#o5......>.#.# .......
#R........... .......
#...>........


You could see Duvessa (fast), Dowan, 3 orcs and a quokka.

Vanquished Creatures
  Sigmund (D:5)
  A phantom (D:4)
  A scorpion (D:4)
  A water moccasin skeleton (D:4)
  A howler monkey (D:5)
  A bullfrog skeleton (D:4)
  3 orc priests (D:4)
  A hound (D:4)
  A jelly (D:4)
  3 orc wizards (D:4)
  A hound zombie (D:5)
  Robin (D:2)
  3 gnolls (D:3)
  3 adders
  An adder skeleton (D:4)
  A worm (D:3)
  6 dart slugs
  7 orcs (D:4)
  9 ball pythons
  10 endoplasms
  4 giant cockroaches
  5 hobgoblins
  6 jackals
  A quokka (D:4)
  4 bats
  3 frilled lizards
  13 goblins
  8 kobolds
  3 rats
103 creatures vanquished.

Vanquished Creatures (collateral kills)
  A centaur zombie (D:5)
  3 hounds (D:4)
  Jessica (D:3)
  An iguana (D:5)
  A hound skeleton (D:4)
  3 adders
  7 orcs (D:4)
  A goblin (D:4)
  A hobgoblin (D:4)
  A jackal (D:4)
  A kobold (D:4)
  A quokka (D:3)
  2 ball pythons (D:4)
  2 foxfires (D:2)
26 creatures vanquished.

Vanquished Creatures (others)
  4 ancestors
  241 foxfires
  2 plants (D:2)
247 creatures vanquished.

Grand Total: 376 creatures vanquished

Notes
Turn   | Place    | Note
-------+----------+-------------------------------------------
     0 | D:1      | LustLizard the Gnoll Wanderer began the quest for the Orb.
     0 | D:1      | LustLizard set off with the following items: a +0 dagger, a
                  | +0 cloak, a +0 robe, a scroll of teleportation; and the
                  | following spell memorised: Foxfire; and the following
                  | spells available to memorise: Conjure Flame, Sticky Flame
     0 | D:1      | Reached XP level 1. HP: 20/20 MP: 4/4
   193 | D:1      | Reached XP level 2. HP: 26/26 MP: 2/5
   928 | D:1      | Reached XP level 3. HP: 31/31 MP: 5/7
  1247 | D:2      | Noticed Robin
  1260 | D:2      | Reached skill level 6 in Stealth
  1283 | D:2      | Reached skill level 1 in Invocations
  1602 | D:2      | Killed Robin
  1603 | D:2      | Reached skill level 1 in Short Blades
  1603 | D:2      | Reached skill level 1 in Long Blades
  1603 | D:2      | Reached skill level 1 in Axes
  1603 | D:2      | Reached skill level 1 in Maces & Flails
  1603 | D:2      | Reached skill level 1 in Polearms
  1603 | D:2      | Reached skill level 1 in Staves
  1603 | D:2      | Reached skill level 1 in Slings
  1603 | D:2      | Reached skill level 1 in Bows
  1603 | D:2      | Reached skill level 1 in Crossbows
  1603 | D:2      | Reached skill level 1 in Armour
  1603 | D:2      | Reached skill level 1 in Shields
  1603 | D:2      | Reached skill level 1 in Unarmed Combat
  1603 | D:2      | Reached skill level 1 in Evocations
  1702 | D:2      | Reached XP level 4. HP: 38/38 MP: 4/8
  1804 | D:2      | Found a hazy altar of Hepliaklqana.
  1810 | D:2      | Became a worshipper of Hepliaklqana the Forgotten
  1830 | D:2      | Found a faded altar of an unknown god.
  2795 | D:3      | Reached * piety under Hepliaklqana
  2892 | D:3      | Reached skill level 1 in Conjurations
  2892 | D:3      | Reached skill level 1 in Hexes
  2892 | D:3      | Reached skill level 1 in Summonings
  2892 | D:3      | Reached skill level 1 in Necromancy
  2892 | D:3      | Reached skill level 1 in Translocations
  2892 | D:3      | Reached skill level 1 in Transmutations
  2892 | D:3      | Reached skill level 1 in Ice Magic
  2892 | D:3      | Reached skill level 1 in Air Magic
  2892 | D:3      | Reached skill level 1 in Earth Magic
  2892 | D:3      | Reached skill level 1 in Poison Magic
  2908 | D:3      | Reached XP level 5. HP: 38/38 MP: 0/9
  3344 | D:3      | Noticed Jessica
  3359 | D:3      | Killed Jessica
  3714 | D:4      | Reached XP level 6. HP: 33/45 MP: 9/11
  3833 | D:4      | Reached skill level 5 in Fighting
  4177 | D:4      | Found Otedule's General Store.
  4194 | D:4      | Bought a scroll of blinking for 75 gold pieces
  4407 | D:4      | Reached XP level 7. HP: 50/50 MP: 9/12
  4452 | D:4      | Identified the +7 short sword of Karma {freeze, rElec rPois
                  | Will- Str+7}
  4711 | D:4      | Reached ** piety under Hepliaklqana
  4797 | D:4      | Found Posch's Self-Improvement Boutique.
  5273 | D:5      | Entered Level 5 of the Dungeon
  5273 | D:5      | Noticed Dowan
  5277 | D:5      | Noticed Duvessa
  5443 | D:5      | Noticed Sigmund
  5452 | D:5      | Killed Sigmund
  5453 | D:5      | Reached XP level 8. HP: 33/56 MP: 10/14
  5494 | D:5      | HP: 1/56 [Duvessa/+0 scimitar (6)]
  5494 | D:5      | Slain by a quokka

Illustrated notes

Levels and vault maps discovered:
D:1:      wander_arrival_desolate, layout_loops_ring,
          chequers_serial_rivers_marsh, minivault_11
D:2:      cheibrodos_old_hovel, layout_loops_cross,
          hellmonk_ecumenical_altar_slurped_away, basic_altar, uniq_robin
D:3:      layout_basic, uniq_jessica
D:4:      minmay_octagon_keep, layout_loops_ring, serial_shops,
          nicolae_diamond_shop, nicolae_shop_self_help
D:5:      layout_rooms, cheibrodos_sewer_entry_bend, uniq_sigmund, uniq_duvessa

Skill      XL: |  1  2  3  4  5  6  7 |
---------------+----------------------+-----
Stealth        | 6 |  6.8
Invocations    | 1 2 3 |  3.4
Short Blades   | 1 2 3 |  3.1
Long Blades    | 1 2 3 |  3.1
Axes           | 1 2 3 |  3.1
Maces & Flails | 1 2 3 |  3.1
Polearms       | 1 2 3 |  3.1
Staves         | 1 2 3 |  3.1
Slings         | 1 2 3 |  3.1
Bows           | 1 2 3 |  3.1
Crossbows      | 1 2 3 |  3.1
Armour         | 1 2 3 |  3.1
Shields        | 1 2 3 |  3.1
Unarmed Combat | 1 2 3 |  3.1
Evocations     | 1 2 3 |  3.1
Spellcasting   | 3 4 |  4.2
Conjurations   | 1 2 |  2.5
Hexes          | 1 2 |  2.5
Summonings     | 1 2 |  2.5
Necromancy     | 1 2 |  2.5
Translocations | 1 2 |  2.5
Transmutations | 1 2 |  2.5
Ice Magic      | 1 2 |  2.5
Air Magic      | 1 2 |  2.5
Earth Magic    | 1 2 |  2.5
Poison Magic   | 1 2 |  2.5
Throwing       | 3 4 |  4.1
Dodging        | 3 4 |  4.1
Fire Magic     | 4 |  4.6
Fighting       | 5 |  5.6

Action                   |  1- 3 |  4- 6 |  7- 9 || total
-------------------------+-------+-------+-------++-------
Melee: Dagger            |    96 |    25 |       ||   121
       Bite              |    18 |    14 |     6 ||    38
       Punch             |     1 |     1 |     1 ||     3
       Spear             |       |    84 |     2 ||    86
       Flail             |       |     6 |       ||     6
       Short sword       |       |       |    33 ||    33
       Falchion          |       |       |    12 ||    12
       Staff             |       |       |     7 ||     7
 Cast: Foxfire           |    43 |    63 |    35 ||   141
Invok: Recall Ancestor   |       |       |     2 ||     2
 Stab: Sleeping          |       |     7 |       ||     7
       Distracted        |       |     1 |       ||     1
Armor: Robe              |     7 |       |       ||     7
       Ring mail         |    33 |    28 |    19 ||    80
Dodge: Dodged            |    76 |    48 |    19 ||   143
Block: Other             |       |    19 |     9 ||    28
       Buckler           |       |       |    21 ||    21
